Map: New Repugnancy LE

Players

Namshar

  • Race: Zerg Zerg
  • League: Grandmaster
  • Spawn Location: 1:00

Elazer - Winner!

  • Race: Zerg Zerg
  • League: Master
  • Spawn Location: 7:00

Event: HomeStory Cup XIX

VOD

Have the link to the VOD?

Description

Time

  • Played on: June 28, 2019, 12:21 p.m.
  • Length: 7:01

All games in this series

Show
View Real Time Build Order
Export as new Build Order

Namshar Zerg 

Build Orders: Hatch First 

Get SALT Encoding   

  12  0:00  Drone  
  13  0:12  Overlord  
  13  0:16  Drone  
  14  0:30  Drone x2  
  16  0:47  Hatchery  
  15  0:50  Drone  
  15  0:55  Drone  
  17  0:58  Drone  
  18  1:09  Extractor  
  17  1:13  Spawning Pool  
  17  1:16  Drone  
  17  1:19  Drone  
  18  1:27  Drone  
  19  1:38  Drone  
  20  1:49  Drone  
  21  1:59  Drone, Queen  
  21  2:00  Queen, Overlord  
  26  2:08  Metabolic Boost  
  26  2:10  Drone  
  26  2:11  Drone  
  28  2:21  Drone x2  
  30  2:32  Zergling x2, Drone  
  32  2:37  Hatchery  
  31  2:45  Baneling Nest  
  31  2:47  Zergling x2  
  31  2:48  Overlord  
  31  2:53  Drone x2  
  33  3:04  Drone  
  34  3:07  Drone x3  
  34  3:11  Queen  
  39  3:13  Zergling x2  
  39  3:17  Overlord  
  39  3:19  Drone  
  41  3:24  Zergling x2  
  41  3:25  Overlord  
  41  3:27  Drone  
  43  3:28  Baneling  
  43  3:32  Evolution Chamber  
  42  3:39  Drone x3  
  45  3:43  Baneling, Zergling x6  
  45  3:44  Baneling  
  45  3:47  Zergling x2  
  45  3:48  Zergling x2  
  50  3:52  Zergling x4  
  52  3:56  Zergling x4  
  52  4:01  Queen  
  56  4:08  Baneling x2  
  42  4:13  Drone  
  42  4:14  Drone x4  
  46  4:18  Baneling  
  46  4:23  Drone x3  
  49  4:26  Drone  
  49  4:28  Drone  
  48  4:48  Drone x9  
  48  4:52  Zergling x4  
  54  5:01  Zerg Missile Weapons Level 1  
  54  5:04  Roach Warren  
  54  5:05  Extractor x2  
  54  5:07  Zergling x4  
  52  5:08  Zergling x2  
  52  5:10  Baneling  
  52  5:12  Baneling  
  54  5:18  Zergling x4  
  54  5:19  Drone x4  
  60  5:25  Baneling  
  60  5:27  Drone  
  57  5:33  Drone x8  
  63  5:51  Overlord  
  63  5:52  Overlord x2  
  63  5:56  Spine Crawler x2  
  61  5:59  Roach x2  
  61  6:03  Overlord  
  65  6:08  Roach  
  66  6:12  Roach x6  
  77  6:19  Roach  
  77  6:22  Roach  
  77  6:23  Roach  
  84  6:28  Roach x2  
  84  6:31  Roach  
  84  6:32  Roach x2  
  77  6:36  Roach  
  70  6:40  Zergling x2  
Show
View Real Time Build Order
Export as new Build Order

Elazer Zerg - Winner!

Build Orders: Hatch First, Zergling Baneling 

Get SALT Encoding   

  12  0:00  Drone  
  13  0:12  Overlord  
  13  0:17  Drone  
  14  0:30  Drone x2  
  16  0:48  Hatchery  
  15  0:51  Drone  
  15  0:55  Drone  
  17  0:58  Drone  
  18  1:08  Extractor  
  17  1:13  Spawning Pool  
  17  1:16  Drone  
  17  1:20  Drone  
  18  1:28  Drone  
  19  1:38  Drone  
  20  1:49  Drone  
  21  2:00  Queen x2, Overlord  
  25  2:01  Drone  
  26  2:11  Zergling x2  
  26  2:12  Metabolic Boost, Drone  
  28  2:22  Drone x2  
  30  2:32  Drone  
  31  2:38  Hatchery  
  31  2:40  Drone  
  31  2:43  Drone  
  32  2:47  Baneling Nest  
  31  2:53  Overlord  
  31  2:54  Drone  
  31  2:56  Drone  
  33  3:06  Zergling x4  
  33  3:09  Drone  
  33  3:12  Zergling x8  
  40  3:13  Zergling x2  
  40  3:18  Overlord  
  41  3:21  Zergling x2  
  42  3:30  Zergling x2  
  42  3:31  Baneling x2  
  42  3:33  Zergling x2  
  44  3:38  Baneling x2  
  44  3:40  Drone x6  
  50  3:45  Queen  
  52  3:50  Overlord  
  52  3:51  Zergling x2  
  53  3:59  Drone x3  
  54  4:03  Drone  
  54  4:04  Drone  
  54  4:09  Zergling x2  
  50  4:12  Zergling x8  
  50  4:13  Zergling x2  
  50  4:15  Extractor  
  52  4:18  Baneling x2  
  52  4:21  Roach Warren  
  52  4:22  Extractor  
  52  4:23  Zergling x4  
  52  4:27  Baneling x2  
  52  4:30  Zergling x8  
  56  4:32  Baneling  
  54  4:42  Drone x3  
  56  4:52  Drone x3  
  58  4:53  Overlord  
  58  4:56  Overlord  
  58  4:59  Overlord  
  58  5:01  Roach x4  
  58  5:06  Overlord x2  
  66  5:10  Overlord  
  66  5:15  Roach x2  
  66  5:17  Roach  
  66  5:19  Roach  
  74  5:25  Roach x2  
  72  5:32  Roach  
  72  5:39  Roach x3  
  72  5:42  Zergling x12  
  84  5:44  Ravager  
  84  5:48  Zergling x6  
  87  5:50  Ravager  
  87  5:54  Zergling x6  
  87  5:55  Ravager  
  92  6:00  Zergling x4  
  94  6:05  Zergling x2  
  95  6:13  Zergling x10  
  95  6:17  Zergling x6  
  103  6:20  Ravager  
  103  6:24  Zergling x6  
  107  6:32  Zergling x8  
  109  6:34  Overlord  
  109  6:35  Drone  
  109  6:37  Evolution Chamber  
Tags
 
Add a new tag
Caveats
  • Supply blocks, unpowered buildings, or Contaminate may cause inaccurate times.
  • Supply counts are checked every 10 seconds.